 Dungeon Crawl Stone Soup version 0.25-a0-1007-g10a8c3caa8 (webtiles) character file.

Game seed: 18049686638340621131, levelgen mode: deterministic

329 Hasart the Insei (level 6, 0/41 HPs)
             Began as an Octopode Transmuter on May 12, 2020.
             Slain by a ball python (2 damage)
             ... in a sewer.
             The game lasted 00:11:33 (5602 turns).

Hasart the Insei (Octopode Transmuter)              Turns: 5602, Time: 00:11:34

Health: 0/41       AC:  2    Str:  9    XL:     6   Next: 50%
Magic:  9/9        EV: 11    Int: 21    God:
Gold:   222        SH:  0    Dex: 13    Spells: 3/9 levels left

rFire    . . .     SeeInvis .   u - +10 rapier of Vajosais {venom, rC- Int+4 Stlth+}
rCold    . . .     Gourm    .   (no shield)
rNeg     . . .     Faith    .   t - +1 hat
rPois    .         Spirit   .   (no amulet)
rElec    .         Reflect  .   d - ring of protection from cold
rCorr    .         Harm     .   (no ring)
MR       .....                  (no ring)
Stlth    +++++.....             (no ring)
HPRegen  0.13/turn              (no ring)
MPRegen  0.11/turn              (no ring)
                                (no ring)
                                (no ring)

@: lethally poisoned (0 -> -2), stab, hasted, constricted, very quick
A: almost no armour, stealthy swim, amphibious, 8 rings, constrict 8, camouflage
1, gelatinous body 1
a: no special abilities


You were in a sewer.
You were not hungry.

You visited 1 branch of the dungeon, and saw 4 of its levels.
You also visited: Sewer.

You collected 222 gold pieces.

Inventory:

Hand Weapons
 u - the +10 rapier of Vajosais (weapon) {venom, rC- Int+4 Stlth+}
   (You found it on level 4 of the Dungeon)

   It poisons the flesh of those it strikes.
   It affects your intelligence (+4).
   It makes you vulnerable to cold.
   It makes you more stealthy.
Missiles
 a - 5 arrows
 e - 20 poisoned darts (quivered)
Armour
 t - a +1 hat (worn)
Jewellery
 d - a ring of protection from cold (left tentacle)
Wands
 o - a wand of flame (25)
Scrolls
 b - 5 scrolls of remove curse
 f - 2 scrolls of teleportation {unknown}
 i - a scroll of fear {unknown}
 k - a scroll of fog {unknown}
 m - 4 scrolls of magic mapping
 n - a scroll of amnesia
 p - a scroll of blinking {unknown}
 r - a scroll of random uselessness {unknown}
Potions
 g - 3 potions of curing {unknown}
 h - a potion of lignification {unknown}
 l - 3 potions of haste
 q - 2 potions of stabbing
 s - a potion of resistance {unknown}
 v - a potion of mutation {unknown}
Comestibles
 c - 8 rations
 j - 4 chunks of flesh


   Skills:
 + Level 2.5 Fighting
 + Level 1.1 Short Blades
 + Level 3.3 Dodging
 + Level 1.0 Stealth
 + Level 4.6 Unarmed Combat
 - Level 2.0 Spellcasting
 - Level 3.1 Transmutations
 - Level 1.5 Poison Magic
 + Level 1.2 Evocations


You had 3 spell levels left.
You knew the following spells:

 Your Spells              Type           Power        Failure   Level  Hunger
a - Beastly Appendage     Tmut           ###...       4%          1    #......
b - Sticks to Snakes      Tmut           ###.....     6%          2    ##.....
c - Spider Form           Tmut/Pois      ##........   17%         3    ###....

Your spell library contained the following spells:

 Spells                   Type           Power        Failure   Level  Hunger
 Ice Form                 Ice/Tmut       #.......     61%         4    #####..
 Blade Hands              Tmut           ###.......   75%         5    ######.


Dungeon Overview and Level Annotations

Branches:
Dungeon (4/15)              Sewer (1/1)
 Temple: D:4-7

Altars:
Sif Muna
Zin

Shops:
D:4 *}(


Innate Abilities, Weirdness & Mutations

You cannot wear most types of armour.
You are very stealthy in the water. (Stealth+)
You are amphibious.
You can wear up to eight rings at the same time.
You can use your tentacles to constrict eight enemies at once.
Your skin changes colour to match your surroundings (Stealth+).
Your rubbery body absorbs attacks. (AC +1, EV +1)


Message History

The bullfrog is heavily wounded.
The bullfrog hits you! The adder bites you.
* * * LOW HITPOINT WARNING * * *
The bullfrog completely misses you. The bullfrog hits you.
* * * LOW HITPOINT WARNING * * *
The ball python bites you.
* * * LOW HITPOINT WARNING * * *
The ball python constricts you. The adder bites you but does no damage.
Okay, then.
It was a potion of haste.
You feel yourself speed up.
You feel sick. The bullfrog misses you. The bullfrog hits you.
* * * LOW HITPOINT WARNING * * *
The ball python closely misses you. The ball python constricts you.
The adder bites you.
* * * LOW HITPOINT WARNING * * *
The bullfrog barely misses you. The bullfrog misses you.
It was a potion of stabbing.
You feel ready to backstab. The bullfrog closely misses you.
The ball python bites you.
You die...

#......≈≈≈≈≈#≈#≈≈≈≈≈≈≈#.###
#....####################
##...## #...##### #....'..#
#....#..# ##...####
#....##################
#......≈≈≈≈≈≈≈≈@SlS≈≈≈#
##....≈≈≈≈≈≈≈≈FFSJ≈≈≈≈≈....#
#.....≈≈≈≈≈≈≈≈SS≈≈≈≈#≈....#
#....≈≈≈≈≈≈≈#≈≈≈≈≈≈≈≈≈..S.#
##....≈≈≈≈≈≈≈..≈≈≈≈≈≈≈....#
###.#≈≈≈≈≈≈≈≈≈≈≈≈≈≈≈....##
#######################


You could see 2 bullfrogs, an ooze, an adder, 4 ball pythons and a frilled
lizard.

Vanquished Creatures
  Terence (D:2)
  Robin (D:4)
  9 adders
  4 gnolls
  6 river rats
  2 worms
  A dart slug (D:1)
  A leopard gecko (D:2)
  2 orcs (D:3)
  14 ball pythons
  6 giant cockroaches
  17 goblins
  7 hobgoblins
  4 jackals (D:2)
  3 quokkas
  5 bats
  7 frilled lizards
  A jackal skeleton (D:4)
  6 kobolds
  31 rats
128 creatures vanquished.

Notes
Turn   | Place    | Note
-------+----------+-------------------------------------------
     0 | D:1      | Hasart the Octopode Transmuter began the quest for the Orb.
     0 | D:1      | Reached XP level 1. HP: 13/13 MP: 3/3
   442 | D:1      | Reached XP level 2. HP: 17/18 MP: 5/5
   507 | D:1      | Learned a level 2 spell: Sticks to Snakes
   833 | D:2      | Reached XP level 3. HP: 17/23 MP: 4/6
  1527 | D:2      | Reached XP level 4. HP: 12/29 MP: 3/7
  1963 | D:2      | Noticed Terence
  2233 | D:2      | Killed Terence
  2233 | D:2      | Reached skill level 4 in Unarmed Combat
  2244 | D:2      | Learned a level 3 spell: Spider Form
  2571 | D:2      | Found a glowing silver altar of Zin.
  2708 | D:2      | Reached XP level 5. HP: 30/34 MP: 8/8
  3689 | D:3      | Reached skill level 1 in Poison Magic
  4246 | D:3      | Found a shimmering blue altar of Sif Muna.
  4381 | D:4      | Found Souquul's Gadget Emporium.
  4389 | D:4      | Found Pericreomp's Weapon Boutique.
  4509 | D:4      | Found a glowing drain.
  4515 | D:4      | Got a crystal rapier
  4519 | D:4      | Identified the +10 rapier of Vajosais {venom, rC- Int+4
                  | Stlth+} (You found it on level 4 of the Dungeon)
  4529 | D:4      | Noticed Robin
  4536 | D:4      | Killed Robin
  4890 | D:4      | Found Pusy's Assorted Antiques.
  4931 | D:4      | Reached XP level 6. HP: 24/40 MP: 9/9
  4941 | Sewer    | Entered a sewer
  5188 | Sewer    | Reached skill level 1 in Evocations
  5196 | Sewer    | Reached skill level 1 in Short Blades
  5374 | Sewer    | Reached skill level 1 in Stealth
  5601 | Sewer    | HP: 2/41 [adder (3)]
  5602 | Sewer    | Slain by a ball python

Illustrated notes

Levels and vault maps discovered:
D:1:      sevenhm_arrival_forest_fort_large_1, layout_basic
D:2:      kennysheep_big_flooded_room, layout_loops_ring, lemuel_round_altar,
          uniq_terence
D:3:      layout_basic, marbit_many_paths, first_ration, grunt_ministairs_1
D:4:      layout_gridville, portal_sewer_entry_c, serial_shops, shop, shop,
          shop, shop, nicolae_shop_crystal, minivault_5,
          uniq_crazy_yiuf_cottage, uniq_robin, uniq_grinder, uniq_sigmund
Sewer:    sewer_minmay_w

Skill      XL: |  1  2  3  4  5  6 |
---------------+-------------------+-----
Fighting       | 2 |  2.5
Unarmed Combat | 4 |  4.6
Dodging        | 3 |  3.3
Transmutations | 3 |  3.1
Poison Magic   | 1 |  1.5
Evocations     | 1 |  1.2
Short Blades   | 1 |  1.1
Stealth        | 1 |  1.0
Spellcasting   | |  2.0

Action                   |  1- 3 |  4- 6 || total
-------------------------+-------+-------++-------
Melee: Unarmed           |    42 |   122 ||   164
       Tentacles         |     8 |    29 ||    37
       Constrict         |    14 |    51 ||    65
       Kick              |     6 |     7 ||    13
       Punch             |     1 |     5 ||     6
       Rapier            |       |    89 ||    89
 Cast: Beastly Appendage |     6 |     4 ||    10
       Sticks to Snakes  |     1 |     6 ||     7
  Use: Scroll            |       |     3 ||     3
       Potion            |       |     2 ||     2
 Stab: Sleeping          |     6 |    11 ||    17
  Eat: Chunk             |     2 |    14 ||    16
Armor: Skin              |     5 |    29 ||    34
Dodge: Dodged            |    26 |   180 ||   206

Table legend:
 A = Non-vault XP
 B = Vault XP
 C = Vault XP percentage of total XP
 D = Non-vault monster count
 E = Vault monster count
 F = Vault count percentage of total count
                 A         B        C        D         E       F
            +---------+---------+-------+---------+---------+-------
      Total |     212 |     258 |  54.9 |      64 |      64 |  50.0
            +---------+---------+-------+---------+---------+-------
        D:1 |      48 |       1 |   2.0 |      14 |       1 |   6.7
        D:2 |      99 |      37 |  27.2 |      32 |       2 |   5.9
        D:3 |      50 |      15 |  23.1 |      15 |       3 |  16.7
        D:4 |      15 |      61 |  80.3 |       3 |      19 |  86.4
      Sewer |       0 |     144 | 100.0 |       0 |      39 | 100.0
            +---------+---------+-------+---------+---------+-------
